UAA
TACOMA FUR TRADERS @ RICHLAND RAILS
05/10/2017
 
TOP OF THE 1ST
Tacoma Fur Traders batting - Pitching for Richland Rails : LHP Júlio Hernández
Pitching: LHP Júlio Hernández
Batting: RHB Hiwahikeiki Noelani 0-0: Called Strike
0-1: Ball
1-1: Foul Ball, location: 2F
1-2: Foul Ball, location: 2F
1-2: Strikes out swinging
Batting: LHB Mike Gardner 0-0: Foul Ball, location: 2F
0-1: Ball
1-1: Foul Ball, location: 2F
1-2: SINGLE (Flyball, 89S)
Batting: RHB Brett Robinson 0-0: Called Strike
0-1: Ball
Single, Error in OF, E8, batter to second base
Mike Gardner to third
Batting: RHB Ramiro Ibarra 0-0: Ball
1-0: Ball
2-0: Ball
3-0: Ground out 6-3 (Groundball, 6M)
Mike Gardner scores
Brett Robinson to third
Batting: RHB Gonzalo Manuel 0-0: Ball
1-0: Foul Ball, location: 2F
1-1: Foul Ball, location: 2F
1-2: Strikes out swinging
Top of the 1st over - 1 run(s), 2 hit(s), 1 error(s), 1 left on base; Tacoma 1 - Richland 0
BOTTOM OF THE 1ST
Richland Rails batting - Pitching for Tacoma Fur Traders : RHP Neil Gilliam
Pitching: RHP Neil Gilliam
Batting: RHB Alexis Smeddon 0-0: Fly out, F9 (Line Drive, 9M)
Batting: RHB Larry Brown 0-0: Ball
1-0: Foul Ball, location: 2F
1-1: Foul Ball, location: 2F
1-2: Fly out, F8 (Flyball, 8LM)
Batting: RHB Miguel Vidro 0-0: Ball
1-0: Ball
2-0: Called Strike
2-1: Ball
3-1: Called Strike
3-2: Base on Balls
Batting: RHB Gustavo Berrios 0-0: Ball
1-0: Ball
2-0: Called Strike
2-1: Foul Ball, location: 2F
2-2: Foul Ball, location: 2F
2-2: Foul Ball, location: 2F
2-2: Strikes out looking
Bottom of the 1st over - 0 run(s), 0 hit(s), 0 error(s), 1 left on base; Tacoma 1 - Richland 0
TOP OF THE 2ND
Tacoma Fur Traders batting - Pitching for Richland Rails : LHP Júlio Hernández
Batting: RHB Mo Zhou 0-0: Foul Ball, location: 2F
0-1: SINGLE (Groundball, 23) (infield hit)
Batting: RHB Mark Allen 0-0: Ball
1-0: Foul Ball, location: 2F
1-1: Fielders Choice at 2nd, 5-4 (Groundball, 5L)
Batting: RHB Mike Daniels 0-0: DOUBLE (Line Drive, 78M)
Mark Allen to third
Batting: RHB Joe Craig 0-0: Called Strike
0-1: Ball
1-1: Foul Ball, location: 2F
1-2: Foul Ball, location: 2F
1-2: Ball
2-2: Strikes out swinging
Batting: RHB Hiwahikeiki Noelani 0-0: Foul Ball, location: 2F
0-1: Ball
Wild Pitch!
Mark Allen scores
Mike Daniels to third
1-1: Ball
Steal of home, Mike Daniels is out
Top of the 2nd over - 1 run(s), 2 hit(s), 0 error(s), 0 left on base; Tacoma 2 - Richland 0
BOTTOM OF THE 2ND
Richland Rails batting - Pitching for Tacoma Fur Traders : RHP Neil Gilliam
Batting: RHB Andrew Hall 0-0: Called Strike
0-1: Fly out, F3 (Popup, 3F)
Batting: SHB Raymond Bright 0-0: Ball
1-0: Swinging Strike
1-1: Ball
2-1: Ball
3-1: Called Strike
3-2: Foul Ball, location: 2F
3-2: Base on Balls
Batting: RHB José Guerra 0-0: Ball
1-0: Foul Ball, location: 2F
1-1: Ball
2-1: Fly out, F8 (Flyball, 78XD)
Batting: LHB Valentín Salas 0-0: Ball
1-0: SINGLE (Flyball, 5D)
Raymond Bright to second
Batting: RHB Jack Davis 0-0: Ball
1-0: Fly out, F8 (Flyball, 8LD)
Bottom of the 2nd over - 0 run(s), 1 hit(s), 0 error(s), 2 left on base; Tacoma 2 - Richland 0
TOP OF THE 3RD
Tacoma Fur Traders batting - Pitching for Richland Rails : LHP Júlio Hernández
Batting: RHB Hiwahikeiki Noelani 0-0: Ground out 6-3 (Groundball, 6M)
Batting: LHB Mike Gardner 0-0: Swinging Strike
0-1: Ball
1-1: Swinging Strike
1-2: Ball
2-2: Foul Ball, location: 2F
2-2: Strikes out swinging
Batting: RHB Brett Robinson 0-0: Called Strike
0-1: Foul Ball, location: 2F
0-2: Ball
1-2: Ground out 5-3 (Groundball, 5)
Top of the 3rd over - 0 run(s), 0 hit(s), 0 error(s), 0 left on base; Tacoma 2 - Richland 0
BOTTOM OF THE 3RD
Richland Rails batting - Pitching for Tacoma Fur Traders : RHP Neil Gilliam
Batting: RHB Alexis Smeddon 0-0: SINGLE (Groundball, 4M)
Batting: RHB Larry Brown 0-0: Ball
Alexis Smeddon steals 2nd base
1-0: Swinging Strike
1-1: Ground out 6-3 (Groundball, 6M)
Alexis Smeddon to third
Batting: RHB Miguel Vidro 0-0: Ball
1-0: Ball
2-0: Ball
3-0: Base on Balls
Batting: RHB Gustavo Berrios 0-0: Foul Ball, location: 2F
0-1: Ball
1-1: Called Strike
1-2: Ball
2-2: Ball
3-2: Strikes out looking
Batting: RHB Andrew Hall 0-0: Ball
1-0: Ball
2-0: Swinging Strike
2-1: Ball
3-1: Base on Balls
Miguel Vidro to second
Batting: SHB Raymond Bright 0-0: Called Strike
0-1: Ball
1-1: Ball
2-1: Fly out, F7 (Flyball, 78M)
Bottom of the 3rd over - 0 run(s), 1 hit(s), 0 error(s), 3 left on base; Tacoma 2 - Richland 0
TOP OF THE 4TH
Tacoma Fur Traders batting - Pitching for Richland Rails : LHP Júlio Hernández
Batting: RHB Ramiro Ibarra 0-0: Foul Ball, location: 2F
0-1: Ball
1-1: Foul Ball, location: 2F
1-2: Foul Ball, location: 2F
1-2: Ball
2-2: Fly out, F9 (Flyball, 9LM)
Batting: RHB Gonzalo Manuel 0-0: Ball
1-0: SINGLE (Flyball, 9S)
Batting: RHB Mo Zhou 0-0: Foul Ball, location: 2F
0-1: Fly out, F9 (Flyball, 9D)
Batting: RHB Mark Allen 0-0: Ball
1-0: Swinging Strike
1-1: Ball
2-1: Foul Ball, location: 2F
2-2: Fly out, F3 (Popup, 3SF)
Top of the 4th over - 0 run(s), 1 hit(s), 0 error(s), 1 left on base; Tacoma 2 - Richland 0
BOTTOM OF THE 4TH
Richland Rails batting - Pitching for Tacoma Fur Traders : RHP Neil Gilliam
Batting: RHB José Guerra 0-0: Ball
1-0: Ground out 1-3 (Groundball, 3S)
Batting: LHB Valentín Salas 0-0: Ball
1-0: Called Strike
1-1: SINGLE (Flyball, 9S)
Batting: RHB Jack Davis 0-0: Ball
Valentín Salas is caught stealing 2nd base
1-0: Ball
2-0: Called Strike
2-1: Foul Ball, location: 2F
2-2: Strikes out swinging
Bottom of the 4th over - 0 run(s), 1 hit(s), 0 error(s), 0 left on base; Tacoma 2 - Richland 0
TOP OF THE 5TH
Tacoma Fur Traders batting - Pitching for Richland Rails : LHP Júlio Hernández
Batting: RHB Mike Daniels 0-0: Swinging Strike
0-1: Ground out 6-3 (Groundball, 6M)
Batting: RHB Joe Craig 0-0: Called Strike
0-1: SINGLE (Line Drive, 4MD)
Batting: RHB Hiwahikeiki Noelani 0-0: Ball
1-0: Called Strike
1-1: Called Strike
1-2: Foul Ball, location: 2F
1-2: Strikes out swinging
Batting: LHB Mike Gardner 0-0: Swinging Strike
0-1: Swinging Strike
0-2: Strikes out swinging
Top of the 5th over - 0 run(s), 1 hit(s), 0 error(s), 1 left on base; Tacoma 2 - Richland 0
BOTTOM OF THE 5TH
Richland Rails batting - Pitching for Tacoma Fur Traders : RHP Neil Gilliam
Batting: RHB Alexis Smeddon 0-0: Called Strike
0-1: Swinging Strike
0-2: Strikes out swinging
Batting: RHB Larry Brown 0-0: Called Strike
0-1: Swinging Strike
0-2: Strikes out looking
Batting: RHB Miguel Vidro 0-0: Foul Ball, location: 2F
0-1: Swinging Strike
0-2: Ball
1-2: Strikes out swinging
Bottom of the 5th over - 0 run(s), 0 hit(s), 0 error(s), 0 left on base; Tacoma 2 - Richland 0
TOP OF THE 6TH
Tacoma Fur Traders batting - Pitching for Richland Rails : LHP Júlio Hernández
Batting: RHB Brett Robinson 0-0: Ball
1-0: Foul Ball, location: 2F
1-1: Called Strike
1-2: Foul Ball, location: 2F
1-2: Ball
2-2: SINGLE (Groundball, 56)
Batting: RHB Ramiro Ibarra 0-0: Fly out, F6 (Line Drive, 6)
Batting: RHB Gonzalo Manuel 0-0: Ball
1-0: Ball
2-0: Called Strike
2-1: Called Strike
2-2: Strikes out looking
Batting: RHB Mo Zhou 0-0: Called Strike
0-1: Ball
1-1: Called Strike
1-2: Ball
2-2: Strikes out looking
Top of the 6th over - 0 run(s), 1 hit(s), 0 error(s), 1 left on base; Tacoma 2 - Richland 0
BOTTOM OF THE 6TH
Richland Rails batting - Pitching for Tacoma Fur Traders : RHP Neil Gilliam
Batting: RHB Gustavo Berrios 0-0: Ball
1-0: Foul Ball, location: 2F
1-1: Ball
2-1: Swinging Strike
2-2: Ground out 5-3 (Groundball, 5S)
Batting: RHB Andrew Hall 0-0: Called Strike
0-1: Swinging Strike
0-2: Strikes out looking
Batting: SHB Raymond Bright 0-0: Called Strike
0-1: Ball
1-1: Ball
2-1: Fly out, F9 (Flyball, 9M)
Bottom of the 6th over - 0 run(s), 0 hit(s), 0 error(s), 0 left on base; Tacoma 2 - Richland 0
TOP OF THE 7TH
Tacoma Fur Traders batting - Pitching for Richland Rails : LHP Júlio Hernández
Batting: RHB Mark Allen 0-0: Ball
1-0: Ball
2-0: Ball
3-0: Called Strike
3-1: Foul Ball, location: 2F
3-2: Foul Ball, location: 2F
3-2: Ground out 4-3 (Groundball, 34)
Batting: RHB Mike Daniels 0-0: Ball
1-0: Foul Ball, location: 2F
1-1: Swinging Strike
1-2: Foul Ball, location: 2F
1-2: Ball
2-2: Strikes out swinging
Batting: RHB Joe Craig 0-0: Ball
1-0: Ground out 4-3 (Groundball, 4)
Top of the 7th over - 0 run(s), 0 hit(s), 0 error(s), 0 left on base; Tacoma 2 - Richland 0
BOTTOM OF THE 7TH
Richland Rails batting - Pitching for Tacoma Fur Traders : RHP Neil Gilliam
Batting: RHB José Guerra 0-0: Ball
1-0: Called Strike
1-1: Swinging Strike
1-2: Strikes out swinging
Batting: LHB Valentín Salas 0-0: Ball
1-0: Ball
2-0: Foul Ball, location: 2F
2-1: SINGLE (Groundball, 34D) (infield hit)
Batting: RHB Jack Davis 0-0: Ball
1-0: Foul Ball, location: 2F
1-1: Called Strike
1-2: SINGLE (Groundball, 6MD)
Valentín Salas to second
Runner from 2nd tries for 3rd, SAFE, throw made to third
Pinch Hitting: RHB Roger Osborne 0-0: Called Strike
0-1: Swinging Strike
0-2: Ball
1-2: Ball
2-2: Ball
3-2: Base on Balls
Jack Davis to second
Pitching: RHP Bruce Hamilton
Pinch Hitting: LHB Kevin Montgomery 0-0: Ball
1-0: Ball
2-0: Called Strike
2-1: SINGLE (Flyball, 78S)
Valentín Salas scores
Jack Davis to third
Roger Osborne to second
Runner from 3rd tries for Home, SAFE, throw made home
Batting: RHB Miguel Vidro 0-0: Swinging Strike
0-1: Ball
1-1: Fly out, F9 (Flyball, 9M)
Pinch Hitting: SHB Shelby Reusch 0-0: Ball
1-0: Fly out, F9 (Flyball, 89M)
Bottom of the 7th over - 2 run(s), 3 hit(s), 0 error(s), 2 left on base; Tacoma 2 - Richland 2
TOP OF THE 8TH
Tacoma Fur Traders batting - Pitching for Richland Rails : LHP Júlio Hernández
Pitching: RHP Horace McKenzie
Now at SS: Shelby Reusch
Now in LF: Kevin Montgomery
Now in RF: Roger Osborne
Pinch Hitting: RHB Leonardo Sánchez 0-0: Ground out 5-3 (Groundball, 5L)
Pitching: LHP Daniel León
Pinch Hitting: RHB Rex Long 0-0: Ground out 6-3 (Groundball, 6M)
Pitching: RHP Eduardo Romero
Pinch Hitting: SHB Patrick Crawford 0-0: Swinging Strike
0-1: Ball
1-1: Foul Ball, location: 2F
1-2: Fly out, F7 (Flyball, 7M)
Top of the 8th over - 0 run(s), 0 hit(s), 0 error(s), 0 left on base; Tacoma 2 - Richland 2
BOTTOM OF THE 8TH
Richland Rails batting - Pitching for Tacoma Fur Traders : RHP Bruce Hamilton
Now at 1B: Leonardo Sánchez
Now at 2B: Patrick Crawford
Now in CF: Scott Alexander
Pinch Hitting: LHB George Huffman 0-0: Called Strike
0-1: Foul Ball, location: 2F
0-2: Fly out, F7 (Flyball, 7LM)
Batting: SHB Raymond Bright 0-0: Ground out 4-3 (Groundball, 4M)
Pinch Hitting: RHB Steffen Taylor 0-0: Ball
1-0: Hit by Pitch
Pinch Hitting: RHB John Ramsey 0-0: Called Strike
0-1: Ball
1-1: Ball
2-1: Foul Ball, location: 2F
2-2: Ball
3-2: Base on Balls
Steffen Taylor to second
Pinch Runner at 2nd Ramón Cruz:
Batting: RHB Jack Davis 0-0: Ball
1-0: Fly out, F9 (Flyball, 9M)
Bottom of the 8th over - 0 run(s), 0 hit(s), 0 error(s), 2 left on base; Tacoma 2 - Richland 2
TOP OF THE 9TH
Tacoma Fur Traders batting - Pitching for Richland Rails : RHP Eduardo Romero
Now at 1B: Wayne Saunders
Now at 3B: Ramón Cruz
Now in CF: Jim Unknown
Batting: RHB Ramiro Ibarra 0-0: Ball
1-0: Ball
2-0: SINGLE (Groundball, 56D)
Batting: RHB Gonzalo Manuel 0-0: Ball
1-0: Swinging Strike
1-1: Foul Ball, location: 2F
1-2: Foul Ball, location: 2F
1-2: Strikes out swinging
Batting: RHB Mo Zhou 0-0: Ball
1-0: Foul Ball, location: 2F
1-1: Swinging Strike
1-2: Foul Ball, location: 2F
1-2: Foul Ball, location: 2F
1-2: Ball
2-2: Ball
3-2: Foul Ball, location: 2F
3-2: Grounds into double play, 6-4-3 (Groundball, 6)
Top of the 9th over - 0 run(s), 1 hit(s), 0 error(s), 0 left on base; Tacoma 2 - Richland 2
BOTTOM OF THE 9TH
Richland Rails batting - Pitching for Tacoma Fur Traders : RHP Bruce Hamilton
Pitching: LHP Greg Jordan
Batting: RHB Roger Osborne 0-0: Ball
1-0: Fly out, F7 (Line Drive, 7S)
Pinch Hitting: RHB José Herrera 0-0: Fly out, F3 (Popup, 3S)
Batting: RHB Miguel Vidro 0-0: Ball
1-0: Ball
2-0: Ball
3-0: Base on Balls
Batting: SHB Shelby Reusch 0-0: Ball
1-0: SINGLE (Flyball, 8RS)
Miguel Vidro to second
Batting: SHB Wayne Saunders 0-0: Called Strike
0-1: Ball
1-1: Ball
2-1: Ball
3-1: Base on Balls
Miguel Vidro to third
Shelby Reusch to second
Batting: SHB Raymond Bright 0-0: Ball
1-0: Ball
2-0: Called Strike
2-1: Ball
3-1: Foul Ball, location: 2F
3-2: Ground out 6-3 (Groundball, 6)
Bottom of the 9th over - 0 run(s), 1 hit(s), 0 error(s), 3 left on base; Tacoma 2 - Richland 2
TOP OF THE 10TH
Tacoma Fur Traders batting - Pitching for Richland Rails : RHP Eduardo Romero
Now in LF: Sixto Rojas
Batting: RHB Mark Allen 0-0: Called Strike
0-1: Ball
1-1: Foul Ball, location: 2F
1-2: Ball
2-2: Strikes out swinging, 2-3 out at first.
Batting: RHB Mike Daniels 0-0: Ball
1-0: Ball
2-0: Foul Ball, location: 2F
2-1: DOUBLE (Flyball, 78M)
Pinch Hitting: RHB Tim Little 0-0: Ball
1-0: Ball
2-0: Foul Ball, location: 2F
2-1: Ball
3-1: Base on Balls
Batting: RHB Leonardo Sánchez 0-0: Ball
1-0: Ball
Wild Pitch!
Mike Daniels to third
Tim Little to second
2-0: Intentional Walk
Pitching: LHP José Ortíz
Batting: LHB Scott Alexander 0-0: Ball
1-0: Ball
2-0: Reached on Error, E7 (Flyball, 7S)
Mike Daniels scores
Tim Little to third
Leonardo Sánchez to second
Batting: SHB Patrick Crawford 0-0: Ball
1-0: Ball
2-0: Called Strike
2-1: Swinging Strike
2-2: DOUBLE (Line Drive, 7LD)
Tim Little scores
Leonardo Sánchez scores
Scott Alexander to third
Runner from 3rd tries for Home, SAFE, throw made home
Batting: RHB Ramiro Ibarra 0-0: Swinging Strike
0-1: Ball
1-1: Foul Ball, location: 2F
1-2: Strikes out swinging
Batting: RHB Gonzalo Manuel 0-0: Ball
1-0: Called Strike
1-1: Fly out, F7 (Line Drive, 7M)
Top of the 10th over - 4 run(s), 2 hit(s), 1 error(s), 1 left on base; Tacoma 6 - Richland 2
BOTTOM OF THE 10TH
Richland Rails batting - Pitching for Tacoma Fur Traders : LHP Greg Jordan
Now at SS: Tim Little
Batting: RHB Ramón Cruz 0-0: Ball
1-0: Ball
2-0: Swinging Strike
2-1: SINGLE (Line Drive, 7S)
Batting: RHB Jim Unknown 0-0: Ball
1-0: Ball
2-0: Ball
3-0: Called Strike
3-1: Base on Balls
Ramón Cruz to second
Batting: RHB Jack Davis 0-0: Ball
1-0: Foul Ball, location: 2F
1-1: Ball
2-1: Foul Ball, location: 2F
2-2: Strikes out swinging
Batting: RHB Roger Osborne 0-0: Called Strike
0-1: 3-RUN HOME RUN (Line Drive, 8RXD), Distance : 430 ft
Pitching: RHP Gabriel Hidalgo
Batting: RHB Sixto Rojas 0-0: Foul Ball, location: 2F
0-1: SINGLE (Groundball, 6MD)
Batting: RHB Miguel Vidro 0-0: Called Strike
0-1: Called Strike
0-2: Ball
1-2: Fly out, F8 (Line Drive, 8LM)
Batting: SHB Shelby Reusch 0-0: Ball
1-0: Swinging Strike
1-1: Foul Ball, location: 2F
1-2: SINGLE (Groundball, 6M)
Sixto Rojas to second
Runner from 2nd tries for 3rd, OUT!
Bottom of the 10th over - 3 run(s), 4 hit(s), 0 error(s), 1 left on base; Tacoma 6 - Richland 5
This league is powered by Out of the Park Baseball, the baseball management simulation game for PC, Mac and Linux
Saturday, February 27th, 2021 - OOTP Baseball 15.6 Build 34